 Dungeon Crawl Stone Soup version 0.31-a0-233-g139696dc86 (webtiles) character file.

Game seed: 14578963505025253928

530 qw the Shooter (level 7, -2/43 HPs)
             Began as a Gargoyle Hexslinger on July 7, 2023.
             Was an Initiate of Okawaru.
             Slain by an orc priest
             ... wielding a +0 war axe
              (5 damage)
             ... on level 4 of the Dungeon.
             The game lasted 00:01:45 (2971 turns).

qw the Shooter (Gargoyle Hexslinger)                Turns: 2971, Time: 00:01:45

Health: -2/43      AC: 15    Str: 12    XL:     7   Next: 24%
Magic:  8/8        EV: 10    Int: 13    God:    Okawaru [......]
Gold:   165        SH:  0    Dex: 14    Spells: 7/8 levels left

rFire   . . .        Y - +2 sling
rCold   . . .        (no shield)
rNeg    + . .        j - +0 ring mail
rPois   inf          (no helmet)
rElec   +            (no cloak)
rCorr   .            m - +0 pair of gloves
SInv    .            (no boots)
Will    .....        (no amulet)
Stlth   +            h - +4 ring of protection
HPRegen 0.27/turn    (no ring)
MPRegen 0.11/turn

%: no passive effects
@: no status effects
A: sickness immunity, AC +4, negative energy resistance 1, electricity
resistance, torment resistance 1, petrification resistance
a: Renounce Religion


You were on level 4 of the Dungeon.
You worshipped Okawaru.
Okawaru was noncommittal.
You visited 1 branch of the dungeon, and saw 4 of its levels.

You collected 165 gold pieces.


Innate Abilities, Weirdness & Mutations

You are immune to sickness and miasma.
Your stone body is resilient. (AC +4)
You are immune to poison.
You resist negative energy. (rN+)
You are resistant to electric shocks. (rElec)
You are resistant to unholy torment.
You are immune to petrification.


   Skills:
 - Level 4.0 Fighting
 + Level 6.6 Ranged Weapons
 - Level 1.0 Armour
 - Level 1.5 Dodging
 - Level 1.0 Spellcasting
 - Level 2.6 Hexes


You had 7 spell levels left.
You knew the following spells:

 Your Spells              Type           Power      Damage    Failure   Level
a - Slow                  Hex            28%        N/A       22%         1

Your spell library contained the following spells:

 Spells                   Type           Power      Damage    Failure   Level
 Inner Flame              Hex/Fire       4%         N/A       73%         3
 Portal Projectile        Hex/Tloc       8%         N/A       73%         3
 Cause Fear               Hex            3%         N/A       91%         4

Inventory:

Hand Weapons
 Y - a +2 sling (weapon)
Armour
 j - a +0 ring mail (worn)
 m - a +0 pair of gloves (worn)
Jewellery
 h - a +4 ring of protection (left hand)
 n - a +6 ring of dexterity
Scrolls
 a - a scroll of identify
 g - a scroll of amnesia {unknown}
Potions
 b - a potion of magic {unknown}
 c - a potion of curing {unknown}
 d - 2 potions of brilliance {unknown}
 f - a potion of attraction {unknown}
 i - a potion of might
 k - a potion of haste {unknown}
 l - 2 potions of degeneration {unknown}
 o - a potion of mutation {unknown}

Dungeon Overview and Level Annotations

Branches:
Dungeon (4/15)
 Temple: D:4-7

Altars:
Kikubaaqudgha
Nemelex Xobeh
Okawaru
Trog

Shops:
D:2 (   D:3 :   D:4 *

Annotations:
D:4 Eustachio


Message History

Enter note:
Enter note:
Enter note:
Enter note:
Enter note: You shoot a sling bullet.
The sling bullet closely misses the orc wizard.
The sling bullet hits the orc priest but does no damage.
You shoot a sling bullet. The sling bullet hits the orc wizard.
The orc wizard is lightly wounded.
The orc wizard casts a spell at you.
The magic dart hits you but does no damage.
You shoot a sling bullet. The sling bullet hits the orc wizard.
The orc wizard is moderately wounded.
The orc wizard barely misses you.
You shoot a sling bullet. The sling bullet hits the orc wizard.
The orc wizard is heavily wounded.
The orc wizard hits you but does no damage.
The orc priest closely misses you.
You shoot a sling bullet. The sling bullet hits the orc wizard!
The orc wizard is almost dead.
The orc wizard completely misses you. The orc priest barely misses you.
You shoot a sling bullet. The sling bullet hits the orc wizard.
You kill the orc wizard!
Okawaru accepts your kill.
The orc priest begins to cast a cantrip, but forgets the words!
You shoot a sling bullet.
The sling bullet hits the orc priest but does no damage.
The orc priest hits you but does no damage.
You shoot a sling bullet.
The sling bullet hits the orc priest but does no damage.
The orc priest hits you with a +0 war axe!
The orc priest barely misses you.
You shoot a sling bullet.
The sling bullet hits the orc priest but does no damage.
The orc priest barely misses you.
You shoot a sling bullet. The sling bullet hits the orc priest.
The orc priest is lightly wounded.
The orc priest hits you with a +0 war axe.
You die...

#. .. ###< .. #... #
##.## #.## #.#...
#.# .#..# #.# ...#
#.# ##..##.##. #.#
#.@........#####.##
#.#)o##.............
# #..# #.#####.##
#..# #.## #... #)..
#.### #### #.###.###
#........ #####.###


You could see an orc priest.

Vanquished Creatures
  Sigmund (D:1)
  A scorpion (D:3)
  An orc priest (D:4)
  A hound (D:4)
  A sleepcap (D:4)
  3 orc wizards
  A gnoll (D:2)
  3 adders (D:4)
  A shadow imp (D:3)
  4 worms (D:2)
  3 dart slugs
  8 orcs
  7 bats
  6 endoplasms
  2 giant cockroaches
  9 goblins
  6 hobgoblins
  5 jackals
  2 quokkas
  9 ball pythons
  2 frilled lizards
  14 kobolds
  7 rats
97 creatures vanquished.

Notes
Turn   | Place    | Note
-------+----------+-------------------------------------------
     0 | D:1      | qw the Gargoyle Hexslinger began the quest for the Orb.
     0 | D:1      | Reached XP level 1. HP: 12/12 MP: 2/2
     0 | D:1      | 0 ||| qw: Version: 0.3-a-46-gb1f654a
     0 | D:1      | 0 ||| qw: Game counter: 3326
     0 | D:1      | 0 ||| qw: Melee chars always use a shield: true
     0 | D:1      | 0 ||| qw: God list: Okawaru
     0 | D:1      | 0 ||| qw: Allow faded altars: false
     0 | D:1      | 0 ||| qw: Do Orc after clearing Dungeon:15 true
     0 | D:1      | 0 ||| qw: Do second Lair branch before Depths: true
     0 | D:1      | 0 ||| qw: Lair rune preference: random
     0 | D:1      | 0 ||| qw: Goals: Normal
     0 | D:1      | 0 ||| PLANNING D:1-11
   173 | D:1      | Reached XP level 2. HP: 16/16 MP: 3/3
   261 | D:1      | Reached skill level 3 in Ranged Weapons
   298 | D:1      | 298 ||| FLEEEEING.
   415 | D:1      | Reached XP level 3. HP: 21/21 MP: 4/4
   613 | D:1      | 613 ||| UPGRADING to +4 ring of protection.
   614 | D:1      | 614 ||| READING scroll labelled QEUG CEMOILUG.
   615 | D:1      | 615 ||| READING scroll labelled RAT ZUNEONWOIG.
   619 | D:1      | 619 ||| DRINKING 2 smoky golden potions.
   620 | D:1      | 620 ||| DROPPING scroll of poison.
   636 | D:2      | Noticed Sigmund
   642 | D:2      | 642 ||| STAIRDANCE
   692 | D:2      | 692 ||| STAIRDANCE
   722 | D:2      | 722 ||| STAIRDANCE
   725 | D:2      | 725 ||| STAIRDANCE
   732 | D:1      | Killed Sigmund
   733 | D:1      | Reached skill level 5 in Ranged Weapons
   733 | D:1      | Reached XP level 4. HP: 15/26 MP: 5/5
   733 | D:1      | Reached XP level 5. HP: 17/30 MP: 6/6
  1265 | D:2      | Found Seseel's Weapon Shoppe.
  1268 | D:2      | 1268 ||| SHOPLISTING +8 orcbow of Hudacav {drain, Contam
                  | Drain rElec rPois} (639 gold, have 57).
  1299 | D:2      | Found a faded altar of an unknown god.
  1344 | D:2      | Reached XP level 6. HP: 36/36 MP: 7/7
  1505 | D:2      | 1505 ||| UPGRADING to +0 leather armour.
  1515 | D:2      | 1515 ||| DROPPING +0 robe.
  1516 | D:2      | 1516 ||| UPGRADING to +0 ring mail.
  1526 | D:2      | 1526 ||| DROPPING +0 leather armour.
  1527 | D:2      | 1527 ||| READING scroll labelled DIAGYTR FIELA.
  1528 | D:2      | 1528 ||| READING scroll labelled RIUN ACZIUSY.
  1529 | D:2      | 1529 ||| READING scroll labelled CIQ MARHIW.
  1556 | D:2      | 1556 ||| READING scroll labelled DUEQIR KON.
  1557 | D:2      | 1557 ||| READING 2 scrolls labelled KOATEH WOGRAFIERRE.
  1558 | D:2      | 1558 ||| DROPPING scroll of vulnerability.
  1620 | D:3      | Found Qudulor's Book Emporium.
  1799 | D:3      | Reached skill level 1 in Armour
  1845 | D:3      | 1845 ||| Stepping ~*~*~tactically~*~*~ (outnumbered).
  1846 | D:3      | 1846 ||| Stepping ~*~*~tactically~*~*~ (outnumbered).
  1847 | D:3      | 1847 ||| Stepping ~*~*~tactically~*~*~ (outnumbered).
  1849 | D:3      | Reached skill level 3 in Fighting
  1864 | D:3      | Found an iron altar of Okawaru.
  1865 | D:3      | 1865 ||| PLANNING OKAWARU WORSHIP
  1872 | D:3      | Became a worshipper of Warmaster Okawaru
  1873 | D:3      | 1873 ||| PLANNING D:1-11
  1951 | D:3      | Found a bloodstained altar of Trog.
  2183 | D:3      | 2183 ||| Stepping ~*~*~tactically~*~*~ (outnumbered).
  2313 | D:3      | 2313 ||| UPGRADING to +0 pair of gloves.
  2318 | D:3      | 2318 ||| READING scroll labelled IMUDAMMONA.
  2319 | D:3      | 2319 ||| READING scroll labelled RUROTZUMEA.
  2349 | D:4      | 2349 ||| STAIRDANCE
  2359 | D:3      | Reached skill level 6 in Ranged Weapons
  2442 | D:4      | 2442 ||| Stepping ~*~*~tactically~*~*~ (outnumbered).
  2568 | D:4      | Found a sparkling altar of Nemelex Xobeh.
  2709 | D:4      | Reached XP level 7. HP: 43/43 MP: 8/8
  2726 | D:4      | Found an ancient bone altar of Kikubaaqudgha.
  2878 | D:4      | Found Biqutof's General Store.
  2878 | D:4      | Noticed Eustachio
  2943 | D:4      | HP: 8/43 [Eustachio/+0 rapier (5)]
  2944 | D:4      | 2944 ||| READING 4 scrolls of teleportation.
  2947 | D:4      | 2947 ||| READING 3 scrolls of teleportation.
  2947 | D:4      | Identified the +8 chain mail of Ryohai {Int+3}
  2950 | D:4      | HP: 6/43 [orc wizard/+0 dagger (1)]
  2952 | D:4      | 2952 ||| READING 2 scrolls of teleportation.
  2958 | D:4      | 2958 ||| READING scroll of teleportation.
  2959 | D:4      | HP: 8/43 [adder (1)]
  2969 | D:4      | HP: 2/43 [orc priest/+0 war axe (9)]
  2971 | D:4      | Slain by an orc priest

Levels and vault maps discovered:
D:1:      lightli_arrival_statue_moat, layout_loops_ring
D:2:      kb_forest_paths, layout_rooms, serial_shops,
          nicolae_shop_window_shopping, ebering_ecumenical_altar_rust,
          nicolae_kite_square_tiling_tiny, minmay_pentomino_v4, uniq_sigmund
D:3:      layout_loops_cross, trog_hazing_becter, okawaru_altar_gauntlet_db,
          serial_shops, nicolae_diamond_shop
D:4:      layout_loops_ring, old_standard_altar, serial_shops,
          nicolae_shop_temple_entry_statues_fountains, minivault_26,
          minmay_ruined_shrine, uniq_eustachio

Skill      XL: |  1  2  3  4  5  6 |
---------------+-------------------+-----
Ranged Weapons | 3 5 6 |  6.6
Fighting       | 2 4 |  4.0
Armour         | 1 |  1.0
Dodging        | |  1.5
Spellcasting   | |  1.0
Hexes          | |  2.6

Action                     |  1- 3 |  4- 6 |  7- 9 || total
---------------------------+-------+-------+-------++-------
   Fire: Sling             |    99 |   228 |   134 ||   461
    Use: Scroll            |     2 |     7 |     4 ||    13
         Potion            |     1 |       |       ||     1
 Armour: Robe              |    25 |     8 |       ||    33
         Ring mail         |       |    76 |   157 ||   233
  Dodge: Dodged            |    55 |    61 |   197 ||   313

Table legend:
 A = Non-vault XP
 B = Vault XP
 C = Vault XP percentage of total XP
 D = Non-vault monster count
 E = Vault monster count
 F = Vault count percentage of total count
                 A         B        C        D         E       F
            +---------+---------+-------+---------+---------+-------
      Total |     399 |     359 |  47.4 |      70 |      27 |  27.8
            +---------+---------+-------+---------+---------+-------
        D:1 |      38 |     225 |  85.6 |      21 |       3 |  12.5
        D:2 |      36 |      27 |  42.9 |      17 |       7 |  29.2
        D:3 |     155 |      22 |  12.4 |      18 |      12 |  40.0
        D:4 |     170 |      85 |  33.3 |      14 |       5 |  26.3
            +---------+---------+-------+---------+---------+-------
